 Dungeon Crawl Stone Soup version 0.30.0-10-gfe55d96785 (webtiles) character file.

Game seed: 3492197259389635251

1798 buriedalive the Thaumaturge (level 8, -4/41 HPs)
             Began as a Deep Elf Ice Elementalist on May 15, 2023.
             Was an Initiate of Ashenzari.
             Slain by an orc warrior
             ... wielding a +0 glaive
              (12 damage)
             ... in a bailey.
             The game lasted 00:17:00 (6822 turns).

buriedalive the Thaumaturge (DEIE)                  Turns: 6822, Time: 00:17:00

Health: -4/41      AC: 14    Str:  5    XL:     8   Next: 83%
Magic:  24/31      EV: 17    Int: 32    God:    Ashenzari [......]
Gold:   296        SH:  0    Dex: 18    Spells: 11/24 levels left

rFire   . . .        k - +9 whip (drain)
rCold   . . .        (no shield)
rNeg    . . .        x - +1 robe of the Dungeon {Will+ Int+3 Dex+3}
rPois   .            w - +0 helmet
rElec   .            (no cloak)
rCorr   .            (no gloves)
SInv    .            p - +0 pair of boots
Will    +....        (no amulet)
Stlth   ++           u - +6 ring of intelligence
HPRegen 0.26/turn    o - ring of magical power
MPRegen 0.22/turn

%: no passive effects
@: ice-armoured, freezing walls
A: no striking features
a: Renounce Religion, Curse Item


You were in a bailey.
You worshipped Ashenzari.
Ashenzari was noncommittal.
You visited 2 branches of the dungeon, and saw 8 of its levels.
You also visited: Sewer and Bailey.

You collected 386 gold pieces.
You spent 90 gold pieces at shops.

Inventory:

Hand Weapons
 j - a +0 dagger
 k - a +9 whip of draining (weapon)
Missiles
 i - 95 stones
 l - a poisoned dart
Armour
 a - a +0 robe
 p - a +0 pair of boots (worn)
 w - a +0 helmet (worn)
 x - the +1 robe of the Dungeon (worn) {Will+ Int+3 Dex+3}
   (You found it on level 5 of the Dungeon)

   Int:       It affects your intelligence (+3).
   Dex:       It affects your dexterity (+3).
   Will:      It increases your willpower.
Jewellery
 g - an amulet of guardian spirit
 o - a ring of magical power (right hand)
 u - a +6 ring of intelligence (left hand)
 y - an amulet of faith
Wands
 n - a wand of roots (5)
 v - a wand of flame (4)
 z - a wand of paralysis (5)
Scrolls
 c - 2 scrolls of brand weapon
 e - 3 scrolls of teleportation
 A - 2 scrolls of fear
 B - 2 scrolls of identify
 D - 2 scrolls of blinking
Potions
 b - 4 potions of magic
 d - 2 potions of berserk rage
 f - 2 potions of degeneration
 m - a potion of flight
 q - 2 potions of brilliance
 r - a potion of invisibility
 s - a potion of lignification
 C - 3 potions of mutation
Miscellaneous
 t - a condenser vane


   Skills:
 + Level 8.5 Dodging
 - Level 2.4 Stealth
 - Level 8.6 Spellcasting
 + Level 3.0 Summonings
 - Level 8.0 Ice Magic


You had 11 spell levels left.
You knew the following spells:

 Your Spells              Type           Power      Damage    Failure   Level
a - Freeze                Ice            100%       1d10      1%          1
b - Ozocubu's Armour      Ice            60%        N/A       1%          3
c - Frozen Ramparts       Ice            100%       1d16      1%          3
d - Summon Ice Beast      Ice/Summ       49%        N/A       3%          4
e - Blink                 Tloc           26%        N/A       5%          2

Your spell library contained the following spells:

 Spells                   Type           Power      Damage    Failure   Level
 Summon Small Mammal      Summ           100%       N/A       1%          1
 Call Imp                 Summ           66%        N/A       1%          2
 Shock                    Conj/Air       52%        1d6       3%          1
 Lesser Beckoning         Tloc           26%        N/A       5%          2
 Momentum Strike          Conj/Tloc      26%        3d8       5%          2
 Poisonous Vapours        Pois/Air       26%        N/A       5%          2
 Mephitic Cloud           Conj/Pois/Air  13%        N/A       11%         3
 Freezing Cloud           Conj/Ice/Air   15%        6-21      32%         5
 Petrify                  Tmut/Erth      13%        N/A       34%         4
 Summon Mana Viper        Hex/Summ       23%        N/A       45%         5
 Monstrous Menagerie      Summ           16%        N/A       100%        7
 Summon Hydra             Summ           16%        N/A       100%        7
 Necromutation            Tmut/Necr      6%         N/A       100%        8


Dungeon Overview and Level Annotations

Branches:
Dungeon (7/15)             Temple (1/1) D:6           Sewer (visited)
 Bailey (1/1)

Altars:
Ashenzari
Cheibriados
Dithmenos
Elyvilon
Fedhas
Gozag
Hepliaklqana
Kikubaaqudgha
Makhleb
Okawaru
Qazlal
Ru
Sif Muna
Trog
Uskayaw
Wu Jian
Xom
Yredelemnul
Zin
The Shining One


Message History

Unknown command.
Your icy armour cracks and falls away as you move.
The frozen ramparts melt away as you move.
Things that are here:
a +0 halberd; a +0 chain mail; an orc corpse An orc warrior comes into view.
It is wielding a +0 glaive.
Okay, then.
As you read the scroll of teleportation, it crumbles to dust.
You feel strangely unstable.
Things that are here:
a +0 halberd; a +0 chain mail; an orc corpse Your surroundings suddenly seem different.
An orc comes into view. It is wielding a +0 trident.
The orc shouts!
Ashenzari invites you to partake of a vision and a curse of beguiling and cunning.
Casting: Ozocubu's Armour (safe; 1% risk of failure)
Confirm with . or Enter, or press ? or * to list all spells.
Casting: Frozen Ramparts (safe; 1% risk of failure)
Press: ? - help, Dir - look around, f - activate The walls around you are covered in ice.
Casting: Frozen Ramparts (safe; 1% risk of failure)
Confirm with . or Enter, or press ? or * to list all spells.
A film of ice covers your body!
The wall freezes the orc!
You kill the orc!
Throw: 2 darts (poison)
Press: ? - help, Shift-Dir - straight line, f - orc warrior
Aim: an orc warrior, wielding a +0 glaive and wearing a +0 scale mail (53% to hit)
You throw a poisoned dart. The poisoned dart hits the orc warrior.
The orc warrior is poisoned.
The wall freezes the orc warrior.
Aiming: Fastroot
Press: ? - help, Shift-Dir - straight line, f/p - orc warrior
Aim: an orc warrior, wielding a +0 glaive and wearing a +0 scale mail (lightly wounded, poisoned)
The roots erupt in riotous growth!
Roots grab the orc warrior.
The grasping roots constrict the orc warrior.
You hear a shout!
The wall freezes the orc warrior!
The orc warrior hits you from afar with a +0 glaive!
You die...

#.≈.≈≈.≈..⌠.⌠..≈≈
+..#.≈....≈..∩∩∩....
+..#.≈.≈≈o≈..⌠.⌠..≈≈
#..#o≈≈.≈.≈≈≈...≈≈≈.
#..##.≈.≈≈))≈≈≈≈≈..≈
#..⌠#.≈≈.≈≈≈.....≈≈≈
#..)#..≈≈..≈≈≈≈≈≈≈..
#...#.⌠.≈≈≈...o..c≈≈
#..@##....≈≈≈≈≈≈≈≈≈.
#....#####..........
#....o..⌠##########'
##.......o....).....
##...........))....
##≈≈≈≈≈≈≈≈≈≈≈≈≈≈≈≈
################


You could see an orc warrior (poisoned, rooted).

Vanquished Creatures
  Grinder (D:5)
  2 water moccasins
  An orc warrior (Bailey)
  A sky beast (D:6)
  2 centaurs
  A phantom (D:5)
  2 bullfrogs (Sewer)
  5 scorpions
  A howler monkey (D:4)
  2 jellies (D:6)
  2 hounds (D:5)
  An orc priest (D:6)
  An iguana (D:5)
  An orc wizard (D:6)
  Robin (D:3)
  10 adders
  3 shadow imps
  An ufetubus (D:6)
  3 dart slugs
  6 orcs
  14 ball pythons
  6 bats
  16 endoplasms
  16 giant cockroaches
  23 goblins
  8 hobgoblins
  3 jackals (D:3)
  10 quokkas
  14 frilled lizards
  8 kobolds
  6 rats
171 creatures vanquished.

Vanquished Creatures (others)
  An orc (Bailey)
1 creature vanquished.

Grand Total: 172 creatures vanquished

Notes
Turn   | Place    | Note
-------+----------+-------------------------------------------
     0 | D:1      | buriedalive the Deep Elf Ice Elementalist began the quest
                  | for the Orb.
     0 | D:1      | Reached XP level 1. HP: 10/10 MP: 6/6
   471 | D:1      | Reached XP level 2. HP: 15/15 MP: 5/8
   759 | D:1      | Got Sif Muna's Encyclopedia of Mortuary Exhalation
   979 | D:1      | Reached XP level 3. HP: 19/19 MP: 10/10
  1712 | D:2      | Learned a level 3 spell: Ozocubu's Armour
  1716 | D:2      | Learned a level 3 spell: Frozen Ramparts
  1820 | D:2      | Reached skill level 5 in Ice Magic
  2001 | D:2      | Reached XP level 4. HP: 24/24 MP: 12/12
  2072 | D:3      | Noticed a scorpion
  2085 | D:3      | Killed a scorpion
  2271 | D:3      | Reached XP level 5. HP: 23/28 MP: 12/14
  2745 | D:3      | Noticed Robin
  2751 | D:3      | Reached skill level 5 in Spellcasting
  2752 | D:3      | Killed Robin
  3243 | D:4      | Noticed a +0 dagger
  3251 | D:4      | Noticed a +0 falchion
  3252 | D:4      | Noticed a +0 short sword
  3271 | D:4      | Noticed a +0 short sword
  3276 | D:4      | Noticed a +0 spear
  3277 | D:4      | Noticed a +0 spear
  3278 | D:4      | Noticed a +0 dagger
  3278 | D:4      | Noticed a +0 falchion
  3290 | D:4      | Found a hide-covered altar of Uskayaw.
  3386 | D:4      | Found a glowing drain.
  3393 | D:4      | Reached XP level 6. HP: 32/32 MP: 16/16
  3402 | Sewer    | Entered a sewer
  3656 | Sewer    | Reached skill level 5 in Dodging
  3995 | D:4      | Reached XP level 7. HP: 32/36 MP: 18/18
  4175 | D:4      | Got Ruinubos's Incunable of the Massed Mountains
  4266 | D:5      | Entered Level 5 of the Dungeon
  4307 | D:5      | Identified the +1 robe of the Dungeon {Will+ Int+3 Dex+3}
  4385 | D:5      | Noticed Grinder
  4443 | D:5      | Paralysed by Grinder for 2 turns
  4452 | D:5      | Killed Grinder
  4669 | D:5      | Reached XP level 8. HP: 27/41 MP: 21/21
  4755 | D:5      | Found a stormy altar of Qazlal.
  5025 | D:6      | Found a staircase to the Ecumenical Temple.
  5045 | Temple   | Entered the Ecumenical Temple
  5171 | Temple   | Became a worshipper of Ashenzari the Shackled
  5868 | D:6      | Learned a level 4 spell: Summon Ice Beast
  6141 | D:6      | Learned a level 2 spell: Blink
  6275 | D:6      | Reached skill level 1 in Summonings
  6510 | D:6      | Found Zin's Purification Station.
  6510 | D:6      | Found a glowing silver altar of Zin.
  6519 | D:6      | Bought a potion of curing for 90 gold pieces
  6735 | D:7      | Found a flagged portal.
  6755 | Bailey   | Entered a bailey
  6822 | Bailey   | Slain by an orc warrior

Illustrated notes

Levels and vault maps discovered:
D:1:      elethiomel_arrival_maze, layout_loops_ring
D:2:      layout_loops_cross, nicolae_concentric_dashed_squares_mild
D:3:      kennysheep_goblin_castle, layout_rooms, nrook_mini_vaults
D:4:      layout_loops_cross, nicolae_uskayaw_en_pointe, gup_sewer_entry_pipe,
          minmay_diced_spiral
D:5:      layout_cave_pools, grunt_qazlal_sundering, serial_rivers,
          chequers_serial_rivers_micro_c, chequers_serial_rivers_small_a,
          chequers_serial_rivers_room_a, chequers_serial_rivers_small_3,
          uniq_grinder
D:6:      layout_gridville, zin_purify, minmay_temple_entry_offerings
D:7:      layout_basic, enter_bailey_5
Temple:   mainiacjoe_temple_bowtie_tessellation
Bailey:   bailey_polearm_flooded_kennysheep, bailey

Skill      XL: |  1  2  3  4  5  6  7  8 |
---------------+-------------------------+-----
Dodging        | 3 4 5 6 8 |  8.5
Spellcasting   | 4 5 6 7 8 |  8.6
Ice Magic      | 5 6 7 8 |  8.0
Summonings     | 3 |  3.0
Stealth        | |  2.4

Action                     |  1- 3 |  4- 6 |  7- 9 || total
---------------------------+-------+-------+-------++-------
  Melee: Unarmed           |     6 |       |       ||     6
         Whip              |    47 |   154 |    97 ||   298
         Dagger            |     3 |       |       ||     3
         Punch             |       |     1 |       ||     1
  Throw: Dart              |       |     2 |     1 ||     3
   Cast: Freeze            |    32 |    31 |    12 ||    75
         Frozen Ramparts   |       |    10 |    10 ||    20
         Ozocubu's Armour  |       |     2 |     5 ||     7
  Evoke: Wand              |       |       |     7 ||     7
    Use: Scroll            |       |    14 |    11 ||    25
         Potion            |       |       |     4 ||     4
   Stab: Sleeping          |     9 |     5 |     5 ||    19
 Armour: Robe              |    19 |    58 |    37 ||   114
  Dodge: Dodged            |    60 |   157 |   128 ||   345
